[Event "1st SOA-GM Festival 2024"]
[Site "Bhubaneswar"]
[Date "2024.02.01"]
[Round "2.5"]
[White "Nithin Babu"]
[Black "Fedorov, Alexei"]
[Result "1-0"]
[WhiteElo "2177"]
[BlackElo "2457"]
[PlyCount "69"]
[EventDate "2024.02.01"]
[EventType "swiss"]
[EventCountry "IND"]
[TimeControl "5400+30"]

1. d4 Nf6 2. c4 g6 3. Nc3 Bg7 4. e4 d6 5. Be2 O-O 6. Be3 c6 7. Nf3 e5 8. O-O exd4 9. Nxd4 Re8 10. Qc2 Qe7 11. f3 Nh5 12. Rfd1 f5 13. Bf2 f4 14. b4 Nd7 15. Nb3 Ne5 16. Rd2 Qg5 17. Kf1 Be6 18. Rxd6 Bxc4 19. Rad1 b6 20. Bxc4+ Nxc4 21. Rxc6 Rac8 22. Rd5 Qe7 23. b5 Ne3+ 24. Bxe3 fxe3 25. Nd1 e2+ 26. Qxe2 Nf4 27. Qc4 Rxc6 28. bxc6 Nxd5 29. Ne3 Qb4 30. exd5 Qd6 31. Nd2 b5 32. Qb3 Kh8 33. Ne4 Qf4 34. d6 Rxe4 35. c7 1-0

[Event "1st SOA-GM Festival 2024"]
[Site "Bhubaneswar"]
[Date "2024.02.01"]
[Round "2.6"]
[White "Sathvik Adiga"]
[Black "Tahbaz, Arash"]
[Result "0-1"]
[WhiteElo "2142"]
[BlackElo "2425"]
[PlyCount "88"]
[EventDate "2024.02.01"]
[EventType "swiss"]
[EventCountry "IND"]
[TimeControl "5400+30"]

1. e4 c5 2. Nf3 e6 3. d4 cxd4 4. Nxd4 Nc6 5. Bf4 d6 6. Nxc6 bxc6 7. Bd3 e5 8. Be3 Nf6 9. c4 Ng4 10. Bd2 Be7 11. O-O O-O 12. Nc3 Be6 13. h3 Nf6 14. Qe2 g6 15. Rfd1 Nh5 16. Bh6 Re8 17. Qd2 g5 18. h4 Nf4 19. Bf1 Kh8 20. g3 Rg8 21. Bxg5 Bxg5 22. hxg5 Qxg5 23. Qxd6 h5 24. Re1 h4 25. Re3 hxg3 26. Rxg3 Qh4 27. Qd2 Rxg3+ 28. fxg3 Qxg3+ 29. Bg2 Rg8 30. Rf1 Qxg2+ 31. Qxg2 Rxg2+ 32. Kh1 Rxb2 33. Rc1 Ne2 34. Nxe2 Rxe2 35. c5 Rxe4 36. Rb1 Rc4 37. Rb7 a5 38. Kg2 Rxc5 39. Kf3 Bxa2 40. Kg4 Kg7 41. Kg5 Be6 42. Rb2 f6+ 43. Kh4 Rc4+ 44. Kg3 a4 0-1

[Event "1st SOA-GM Festival 2024"]
[Site "Bhubaneswar"]
[Date "2024.02.01"]
[Round "2.7"]
[White "Adireddy Arjun"]
[Black "Aquino, Jethro Dino"]
[Result "1/2-1/2"]
[WhiteElo "2415"]
[BlackElo "2166"]
[PlyCount "100"]
[EventDate "2024.02.01"]
[EventType "swiss"]
[EventCountry "IND"]
[TimeControl "5400+30"]

1. e4 c5 2. Nf3 e6 3. d4 cxd4 4. Nxd4 Nc6 5. Nc3 Qc7 6. Be3 a6 7. Qd2 Nf6 8. f3 Be7 9. g4 b5 10. Be2 Nxd4 11. Bxd4 Bb7 12. O-O-O O-O 13. Kb1 Rac8 14. g5 Nh5 15. Be3 Rfd8 16. Rhf1 d5 17. exd5 b4 18. Na4 Bxd5 19. Bd3 Rb8 20. Qf2 Qc6 21. Nb6 Nf4 22. Bxf4 Rxb6 23. Be5 g6 24. h4 Rb7 25. b3 a5 26. Bb2 Bc5 27. Qe2 Bd6 28. h5 a4 29. Rh1 e5 30. Ba6 axb3 31. axb3 Rb6 32. hxg6 Rxa6 33. gxh7+ Kh8 34. Bxe5+ Bxe5 35. Qxe5+ f6 36. gxf6 Qc3 37. Qxc3 bxc3 38. Rh4 Rxf6 39. Rhd4 Rfd6 40. R1d3 Kxh7 41. Rxc3 Kg6 42. Rcd3 R6d7 43. f4 Kf5 44. Re3 Bxb3 45. Re5+ Kf6 46. Rxd7 Bxc2+ 47. Kxc2 Rxd7 48. Re2 Kf5 49. Rd2 Rxd2+ 50. Kxd2 Kxf4 1/2-1/2

[Event "1st SOA-GM Festival 2024"]
[Site "Bhubaneswar"]
[Date "2024.02.01"]
[Round "2.8"]
[White "Salonika, Saina"]
[Black "Namitbir Singh Walia"]
[Result "1/2-1/2"]
[WhiteElo "2113"]
[BlackElo "2408"]
[PlyCount "67"]
[EventDate "2024.02.01"]
[EventType "swiss"]
[EventCountry "IND"]
[TimeControl "5400+30"]

1. e4 c6 2. d4 d5 3. Nc3 dxe4 4. Nxe4 Nf6 5. Nxf6+ exf6 6. c3 Bd6 7. Bd3 O-O 8. Qc2 Re8+ 9. Ne2 h5 10. Be3 Nd7 11. O-O-O Nf8 12. Kb1 Be6 13. c4 Rc8 14. a3 Ng6 15. Ng3 b5 16. Nxh5 bxc4 17. Bxc4 Rb8 18. Ka2 Qa5 19. Bxe6 Rxe6 20. d5 cxd5 21. Bd4 Be5 22. Rd3 Qb5 23. Rc1 Rc6 24. Qxc6 Qxd3 25. Bxe5 Qb3+ 26. Ka1 fxe5 27. Qc2 Qb5 28. Rd1 Ne7 29. Ng3 Nc6 30. Nf5 g6 31. Nd6 Qb6 32. Rxd5 Nd4 33. Qc3 a5 34. Nc4 1/2-1/2

[Event "1st SOA-GM Festival 2024"]
[Site "Bhubaneswar"]
[Date "2024.02.01"]
[Round "2.9"]
[White "Panda Sambit"]
[Black "Dhananjay S"]
[Result "1-0"]
[WhiteElo "2404"]
[BlackElo "2151"]
[PlyCount "94"]
[EventDate "2024.02.01"]
[EventType "swiss"]
[EventCountry "IND"]
[TimeControl "5400+30"]

1. d4 Nf6 2. c4 e6 3. Nf3 b6 4. g3 Bb7 5. Bg2 g6 6. O-O Bg7 7. Bg5 h6 8. Bxf6 Qxf6 9. Nc3 O-O 10. e4 d6 11. Qe2 Nd7 12. Rad1 Qe7 13. Rfe1 c5 14. Qd2 cxd4 15. Nxd4 a6 16. Nde2 Ne5 17. b3 Rfd8 18. Nd4 Qc7 19. f4 Nc6 20. Nxc6 Bxc6 21. a4 Rab8 22. Re3 b5 23. axb5 axb5 24. Rd3 bxc4 25. bxc4 Qb6+ 26. Kh1 Qc5 27. Rc1 Rdc8 28. Nd1 Bf8 29. Ne3 h5 30. h4 Qb6 31. f5 Qc5 32. Nd5 Bxd5 33. fxg6 Ba8 34. gxf7+ Kh8 35. Rd5 exd5 36. Qg5 Kh7 37. Rf1 Qd4 38. Qg8+ Kh6 39. Qg5+ Kh7 40. Qxh5+ Bh6 41. Qf5+ Kh8 42. exd5 Qg7 43. Qe6 Rf8 44. Rf6 Be3 45. Rf5 Rb1+ 46. Kh2 Qg4 47. Qf6+ Kh7 1-0

[Event "1st SOA-GM Festival 2024"]
[Site "Bhubaneswar"]
[Date "2024.02.01"]
[Round "2.10"]
[White "Vrashank Chouhan"]
[Black "Ritviz, Parab"]
[Result "1/2-1/2"]
[WhiteElo "2046"]
[BlackElo "2391"]
[PlyCount "80"]
[EventDate "2024.02.01"]
[EventType "swiss"]
[EventCountry "IND"]
[TimeControl "5400+30"]

1. d4 g6 2. c4 d6 3. Nc3 Bg7 4. e4 Nd7 5. Be3 e5 6. d5 Ne7 7. g4 h5 8. g5 a5 9. h4 Nc5 10. f3 O-O 11. Nh3 Bd7 12. Qd2 Re8 13. Nf2 c6 14. Rc1 b6 15. Nd3 Qb8 16. Kf2 Rf8 17. Be2 Kh7 18. Kg2 Qe8 19. b3 Rd8 20. Rb1 Nxd3 21. Bxd3 c5 22. a3 f5 23. gxf6 Bxf6 24. Rbg1 Qf7 25. Kf2 Ng8 26. Rg3 Bg7 27. Ke1 Bh6 28. Bxh6 Nxh6 29. Ne2 Qe7 30. Kd1 Rf6 31. a4 Rdf8 32. Ng1 Rf4 33. Qh2 Qf6 34. Be2 Rf7 35. Nh3 Bxh3 36. Qxh3 Qe7 37. Rg5 Rg7 38. Rg3 Rgf7 39. Rg5 Rg7 40. Rg3 Rgf7 1/2-1/2

[Event "1st SOA-GM Festival 2024"]
[Site "Bhubaneswar"]
[Date "2024.02.01"]
[Round "2.11"]
[White "Audi Ameya"]
[Black "Sobh, Amrou"]
[Result "1-0"]
[WhiteElo "2385"]
[BlackElo "2117"]
[PlyCount "67"]
[EventDate "2024.02.01"]
[EventType "swiss"]
[EventCountry "IND"]
[TimeControl "5400+30"]

1. e4 c5 2. Nf3 e6 3. d4 cxd4 4. Nxd4 Nf6 5. Nc3 Nc6 6. Ndb5 Bc5 7. Bf4 O-O 8. Bc7 Qe7 9. Bd6 Bxd6 10. Qxd6 Ne8 11. Qxe7 Nxe7 12. O-O-O f5 13. Nd6 Nxd6 14. Rxd6 fxe4 15. Nxe4 Nf5 16. Rd2 d5 17. Ng5 h6 18. Nf3 Bd7 19. Ne5 Bc6 20. Bd3 Nh4 21. f4 g5 22. Re1 Rae8 23. fxg5 hxg5 24. Rde2 Rf6 25. g3 Nf5 26. Ng4 Rff8 27. Rxe6 Ng7 28. Rxe8 Bxe8 29. Re5 Bc6 30. Rxg5 Kh8 31. h4 Rf3 32. Ne5 Re3 33. Nf7+ Kg8 34. Nh6+ 1-0

[Event "1st SOA-GM Festival 2024"]
[Site "Bhubaneswar"]
[Date "2024.02.01"]
[Round "2.12"]
[White "Tologon tegin, Semetei"]
[Black "Vignesh Advaith Vemula"]
[Result "0-1"]
[WhiteElo "2384"]
[BlackElo "2028"]
[PlyCount "88"]
[EventDate "2024.02.01"]
[EventType "swiss"]
[EventCountry "IND"]
[TimeControl "5400+30"]

1. g3 d5 2. Bg2 Nf6 3. d3 e6 4. Nd2 Be7 5. Ngf3 O-O 6. O-O c5 7. e4 Nc6 8. Re1 b5 9. e5 Nd7 10. Nf1 a5 11. h4 b4 12. h5 h6 13. N1h2 Re8 14. Ng4 a4 15. a3 bxa3 16. bxa3 Bf8 17. Bf4 Nd4 18. c4 Nb6 19. Rb1 Nf5 20. Qc1 Bb7 21. Ne3 Nxe3 22. Rxe3 Rb8 23. Nh2 Qc7 24. Ng4 Red8 25. Re1 dxc4 26. Bxb7 Qxb7 27. dxc4 Qf3 28. Nh2 Qd3 29. Re3 Qxc4 30. Rc3 Qa6 31. Rf3 Nd5 32. Rxb8 Rxb8 33. Qc2 c4 34. Ng4 Rb3 35. Be3 Qc6 36. Qe4 Qb7 37. Bxh6 Rxf3 38. Qxf3 Qb1+ 39. Kh2 gxh6 40. Nf6+ Nxf6 41. exf6 Qf5 42. Qc3 Qxh5+ 43. Kg1 Qd1+ 44. Kh2 Qd3 0-1

[Event "1st SOA-GM Festival 2024"]
[Site "Bhubaneswar"]
[Date "2024.02.01"]
[Round "2.13"]
[White "Barath Kalyan M"]
[Black "Ayush Sharma"]
[Result "1/2-1/2"]
[WhiteElo "2040"]
[BlackElo "2378"]
[PlyCount "94"]
[EventDate "2024.02.01"]
[EventType "swiss"]
[EventCountry "IND"]
[TimeControl "5400+30"]

1. b3 e5 2. Bb2 Nc6 3. c4 Nf6 4. e3 Be7 5. Nf3 e4 6. Nd4 O-O 7. Be2 d5 8. Nxc6 bxc6 9. O-O dxc4 10. Bxc4 Bg4 11. Qc2 Qd7 12. Nc3 Bf3 13. Ne2 Bh5 14. Nf4 Bg6 15. Nxg6 hxg6 16. d3 exd3 17. Qxd3 Qxd3 18. Bxd3 Rad8 19. Rfd1 Nd5 20. Be4 Rd7 21. Rac1 Rfd8 22. Bd4 c5 23. Bxc5 Nc3 24. Rxd7 Rxd7 25. Bf3 Nxa2 26. Rc2 Nb4 27. Bxb4 Bxb4 28. Kf1 c5 29. Ke2 g5 30. h3 g6 31. Bc6 Rd6 32. Bb5 Kg7 33. g4 Rd8 34. Rc1 Rd2+ 35. Kf3 a5 36. Be2 Rb2 37. Bc4 Kf6 38. Rd1 Ke7 39. Kg3 Rc2 40. Bd5 f5 41. Kf3 Kf6 42. Bg8 Bd2 43. Ke2 Bb4+ 44. Kf3 Rb2 45. Bc4 Bd2 46. Ke2 Bb4+ 47. Kf3 Bd2 1/2-1/2

[Event "1st SOA-GM Festival 2024"]
[Site "Bhubaneswar"]
[Date "2024.02.01"]
[Round "2.14"]
[White "Nguyen Van Huy"]
[Black "Pawar, Harshit"]
[Result "1-0"]
[WhiteElo "2364"]
[BlackElo "1945"]
[PlyCount "123"]
[EventDate "2024.02.01"]
[EventType "swiss"]
[EventCountry "IND"]
[TimeControl "5400+30"]

1. d4 Nf6 2. c4 e6 3. Nf3 d5 4. Nc3 c6 5. Bg5 Be7 6. e3 Nbd7 7. Rc1 O-O 8. Bd3 b6 9. cxd5 exd5 10. O-O Bb7 11. Qe2 Ne8 12. Bxe7 Qxe7 13. Ba6 Bxa6 14. Qxa6 Nd6 15. Qa4 Rfc8 16. Rfd1 Qe6 17. Ne2 Ne4 18. Nf4 Qd6 19. h3 h6 20. Rc2 Rc7 21. Rdc1 Rac8 22. Qa6 Ng5 23. Qe2 Nxf3+ 24. Qxf3 Nf6 25. a3 c5 26. dxc5 Rxc5 27. Rxc5 Rxc5 28. Rd1 Rc2 29. Nxd5 Nxd5 30. Qxd5 Qxd5 31. Rxd5 Rxb2 32. Rd8+ Kh7 33. Rd7 Kg8 34. Rxa7 h5 35. Ra8+ Kh7 36. Ra4 Ra2 37. Rf4 Kg8 38. a4 g6 39. Rb4 Kg7 40. g4 hxg4 41. hxg4 Kh6 42. Kg2 f6 43. Kg3 Kg7 44. f4 Kf7 45. Kf3 Ke7 46. g5 fxg5 47. fxg5 Kf7 48. e4 Ra1 49. Kf4 Ke7 50. Rxb6 Rxa4 51. Rxg6 Ra5 52. Rf6 Ra1 53. Kf5 Rf1+ 54. Kg6 Re1 55. Kg7 Rxe4 56. g6 Re1 57. Rf2 Re3 58. Kg8 Rg3 59. g7 Rg1 60. Re2+ Kd6 61. Rh2 Ke6 62. Kh8 1-0

[Event "1st SOA-GM Festival 2024"]
[Site "Bhubaneswar"]
[Date "2024.02.01"]
[Round "2.15"]
[White "Sharnarthi Viresh"]
[Black "Shahil Dey"]
[Result "1/2-1/2"]
[WhiteElo "1926"]
[BlackElo "2363"]
[PlyCount "105"]
[EventDate "2024.02.01"]
[EventType "swiss"]
[EventCountry "IND"]
[TimeControl "5400+30"]

1. d4 Nf6 2. Nf3 g6 3. c4 Bg7 4. g3 O-O 5. Bg2 c5 6. d5 b5 7. cxb5 a6 8. b6 d6 9. a4 a5 10. Nfd2 Nbd7 11. Nc3 Ba6 12. O-O Rb8 13. Nb5 Nxb6 14. Nb3 Nxa4 15. Na7 Qb6 16. Nc6 Nxb2 17. Bxb2 Qxb3 18. Nxb8 Qxd1 19. Rfxd1 Rxb8 20. Rd2 Bc4 21. Rxa5 Nxd5 22. Bxd5 Bxd5 23. Rxd5 Bxb2 24. Ra7 Kf8 25. Rc7 Ke8 26. e3 Bc3 27. Kf1 Ba5 28. Ra7 Bb6 29. Ra4 Kd7 30. Ke2 Kc6 31. Rd1 d5 32. Kd3 e5 33. e4 Kb5 34. Ra2 c4+ 35. Kc2 d4 36. Rb1+ Kc6 37. Ra4 Kc5 38. Rbb4 c3 39. Kd3 f5 40. Rc4+ Kd6 41. Rab4 fxe4+ 42. Kxe4 Bc7 43. f4 Rxb4 44. fxe5+ Ke6 45. Rxb4 Bxe5 46. Rb6+ Kf7 47. Rc6 Bf6 48. Rc7+ Kg8 49. g4 Kh8 50. h3 Kg8 51. g5 Bxg5 52. Kxd4 Bf6+ 53. Kd5 1/2-1/2

[Event "1st SOA-GM Festival 2024"]
[Site "Bhubaneswar"]
[Date "2024.02.01"]
[Round "2.16"]
[White "Manish Anto Cristiano F"]
[Black "Majumder Shrayan"]
[Result "1-0"]
[WhiteElo "2349"]
[BlackElo "1916"]
[PlyCount "85"]
[EventDate "2024.02.01"]
[EventType "swiss"]
[EventCountry "IND"]
[TimeControl "5400+30"]

1. c4 e6 2. g3 d5 3. Bg2 Nf6 4. Nf3 d4 5. e3 c5 6. exd4 cxd4 7. O-O Nc6 8. d3 Bd6 9. Bg5 h6 10. Bxf6 Qxf6 11. Nbd2 Qd8 12. a3 a5 13. Rc1 O-O 14. Re1 Re8 15. c5 Bf8 16. h4 a4 17. Rc4 Qa5 18. Qc2 e5 19. Nxd4 Nxd4 20. Rxd4 exd4 21. Rxe8 Be6 22. Rxa8 Qxa8 23. c6 bxc6 24. Bxc6 Qa6 25. Bxa4 Bf5 26. Qc4 Bxd3 27. Qxd4 Bg6 28. Bb3 Qc8 29. Bc4 Bc5 30. Qd5 h5 31. Ne4 Be7 32. a4 Qg4 33. Bd3 Bxh4 34. Qa8+ Kh7 35. f3 Qd7 36. gxh4 Qd4+ 37. Kh1 f6 38. Qa6 Qxb2 39. Qb5 Qc1+ 40. Kg2 Qf4 41. Nxf6+ Kh6 42. Qxh5+ Bxh5 43. Ng8# 1-0

[Event "1st SOA-GM Festival 2024"]
[Site "Bhubaneswar"]
[Date "2024.02.01"]
[Round "2.17"]
[White "Singgih, Diajeng Theresa"]
[Black "Soham Kamotra"]
[Result "0-1"]
[WhiteElo "1867"]
[BlackElo "2348"]
[PlyCount "118"]
[EventDate "2024.02.01"]
[EventType "swiss"]
[EventCountry "IND"]
[TimeControl "5400+30"]

1. e4 c6 2. d4 d5 3. exd5 cxd5 4. Bd3 Nf6 5. c3 Bg4 6. Ne2 e6 7. O-O Bd6 8. f3 Bh5 9. Bf4 Bg6 10. Na3 Bxd3 11. Qxd3 Bxa3 12. bxa3 O-O 13. Rab1 Qc8 14. Qb5 b6 15. Rfc1 Qc6 16. a4 Rc8 17. a5 Nbd7 18. g4 Ne8 19. Ng3 Qxb5 20. Rxb5 Rc4 21. Rb4 Rc6 22. a4 bxa5 23. Rb5 Nd6 24. Rxa5 a6 25. Bxd6 Rxd6 26. c4 Rc6 27. Ne2 dxc4 28. d5 exd5 29. Rxd5 Nb6 30. Nd4 Nxd5 31. Nxc6 c3 32. Kf2 Rc8 33. Rxc3 Nxc3 34. Ne7+ Kf8 35. Nxc8 Nxa4 36. Ke3 Ke8 37. Nd6+ Ke7 38. Nf5+ Kf6 39. h4 g6 40. Nd6 Ke6 41. Ne4 h6 42. Kd4 f5 43. Nf2 Nb6 44. Nd3 a5 45. Nf4+ Kf6 46. Kc5 a4 47. Nd3 a3 48. Nc1 Nd7+ 49. Kd6 fxg4 50. fxg4 g5 51. Kd5 gxh4 52. Ke4 Kg5 53. Kf3 Ne5+ 54. Kg2 Kxg4 55. Kh2 h3 56. Na2 Kh4 57. Kh1 Kg3 58. Kg1 h2+ 59. Kh1 Ng4 0-1

[Event "1st SOA-GM Festival 2024"]
[Site "Bhubaneswar"]
[Date "2024.02.01"]
[Round "2.18"]
[White "Laxman, R.R."]
[Black "Priansh Das"]
[Result "1-0"]
[WhiteElo "2338"]
[BlackElo "1910"]
[PlyCount "71"]
[EventDate "2024.02.01"]
[EventType "swiss"]
[EventCountry "IND"]
[TimeControl "5400+30"]

1. d4 Nf6 2. c4 g6 3. Nf3 Bg7 4. g3 O-O 5. Bg2 d6 6. O-O c5 7. d5 e6 8. Nc3 exd5 9. cxd5 a6 10. a4 Nbd7 11. Nd2 Rb8 12. Nc4 Ne8 13. Bf4 Nb6 14. Nxb6 Qxb6 15. Qd2 Qd8 16. Bh6 Nf6 17. Bxg7 Kxg7 18. e4 b5 19. axb5 axb5 20. b4 Nd7 21. Rfb1 Qf6 22. f4 cxb4 23. Rxb4 Nc5 24. Re1 Re8 25. Rxb5 Ra8 26. e5 Qd8 27. Qd4 Bf5 28. exd6+ Kh6 29. Rf1 Nd7 30. h3 Nf6 31. Rb7 Rf8 32. g4 Bxg4 33. hxg4 Nxg4 34. Rf3 Ra1+ 35. Nb1 Nf6 36. Qxa1 1-0

[Event "1st SOA-GM Festival 2024"]
[Site "Bhubaneswar"]
[Date "2024.02.01"]
[Round "2.19"]
[White "Goutham Krishna H"]
[Black "Jake Shanty"]
[Result "1-0"]
[WhiteElo "2288"]
[BlackElo "1903"]
[PlyCount "173"]
[EventDate "2024.02.01"]
[EventType "swiss"]
[EventCountry "IND"]
[TimeControl "5400+30"]

1. Nf3 Nf6 2. c4 e6 3. d4 Bb4+ 4. Bd2 Bxd2+ 5. Qxd2 b6 6. g3 Bb7 7. Bg2 d6 8. O-O O-O 9. Qc2 Be4 10. Qd1 Nbd7 11. Nc3 Bb7 12. Qc2 c5 13. d5 exd5 14. Nh4 Ne5 15. cxd5 Ng6 16. Nf5 Ne7 17. Ne3 Rb8 18. a4 a6 19. Rfd1 Qc7 20. Nc4 Bc8 21. e4 b5 22. axb5 axb5 23. Ne3 Ng6 24. b3 Bd7 25. h3 Qb6 26. Kh2 h5 27. Ne2 Ra8 28. Nf4 Ne5 29. Qe2 c4 30. bxc4 bxc4 31. Rab1 Qc5 32. Rbc1 Bb5 33. Nxh5 Nxh5 34. Qxh5 Ra2 35. Qf5 Bd7 36. Qf4 Ng6 37. Qg5 Rxf2 38. Nxc4 Ra2 39. Qe3 Qxe3 40. Nxe3 Ne5 41. g4 Rb8 42. Rb1 Rba8 43. Rdc1 Re2 44. Rc3 Raa2 45. Kg3 Rad2 46. Rg1 Ra2 47. Bh1 Ra4 48. Bf3 Rb2 49. Rg2 Rb1 50. Rd2 g6 51. Bg2 Bb5 52. g5 Kg7 53. Ng4 Nxg4 54. Kxg4 Rg1 55. Kf4 Bf1 56. Bf3 Bb5 57. Rb2 Bc4 58. Rd2 f6 59. h4 f5 60. Rd4 fxe4 61. Bxe4 Rf1+ 62. Kg3 Bb5 63. Rxa4 Bxa4 64. Ra3 Bb5 65. Rb3 Bc4 66. Rb6 Re1 67. Kf4 Rf1+ 68. Ke3 Rd1 69. Rxd6 Kf7 70. Rf6+ Ke7 71. Re6+ Kd7 72. Rxg6 Bxd5 73. Bxd5 Rxd5 74. Rf6 Ke7 75. Kf3 Rd4 76. Rf4 Rd1 77. Kg4 Rd5 78. g6 Rd1 79. Kg5 Rg1+ 80. Kh6 Ke6 81. h5 Ke7 82. Kh7 Rg5 83. h6 Ke8 84. g7 Ke7 85. g8=Q Rg7+ 86. Qxg7+ Ke8 87. Rf8# 1-0

[Event "1st SOA-GM Festival 2024"]
[Site "Bhubaneswar"]
[Date "2024.02.01"]
[Round "2.20"]
[White "Neelash Saha"]
[Black "Nikhil Magizhnan"]
[Result "1-0"]
[WhiteElo "2446"]
[BlackElo "1994"]
[PlyCount "101"]
[EventDate "2024.02.01"]
[EventType "swiss"]
[EventCountry "IND"]
[TimeControl "5400+30"]

1. d4 Nf6 2. c4 g6 3. Nc3 Bg7 4. e4 d6 5. h3 O-O 6. Be3 c5 7. d5 e6 8. Bd3 a6 9. Nf3 Nbd7 10. a4 e5 11. g4 Rb8 12. Nd2 Ne8 13. Nf1 f6 14. h4 Rf7 15. Qd2 Nf8 16. f3 f5 17. Bg5 Qa5 18. gxf5 gxf5 19. h5 Bd7 20. Rg1 fxe4 21. Bxe4 Kh8 22. Qg2 b5 23. h6 Bf6 24. Bd2 Bh4+ 25. Kd1 Nf6 26. Nxb5 Qd8 27. Nxd6 Bxa4+ 28. Rxa4 Qxd6 29. Bf5 Ng6 30. Qh2 Nxd5 31. Bxg6 Nc3+ 32. bxc3 hxg6 33. Qxh4 Qd3 34. Ra1 Rxf3 35. Qe1 e4 36. Rc1 Qxc4 37. Qe2 Qf7 38. Be3 Rd8+ 39. Ke1 Rd3 40. Rd1 Qd5 41. c4 Rxd1+ 42. Qxd1 Qe5 43. Qd8+ Kh7 44. Qd7+ Kh8 45. Qg7+ Qxg7 46. hxg7+ Kxg7 47. Ke2 Rh3 48. Rg5 Rh8 49. Rxc5 Rb8 50. Rc7+ Kg8 51. Rc6 1-0

[Event "1st SOA-GM Festival 2024"]
[Site "Bhubaneswar"]
[Date "2024.02.01"]
[Round "3.1"]
[White "Soham Kamotra"]
[Black "Fawzy, Adham"]
[Result "1/2-1/2"]
[WhiteElo "2348"]
[BlackElo "2522"]
[PlyCount "86"]
[EventDate "2024.02.01"]
[EventType "swiss"]
[EventCountry "IND"]
[TimeControl "5400+30"]

1. Nf3 Nf6 2. b3 c5 3. e3 d6 4. d4 g6 5. Bb2 Bg7 6. Be2 O-O 7. O-O Nc6 8. c4 Ne4 9. Bd3 d5 10. cxd5 Qxd5 11. Bxe4 Qxe4 12. Nc3 Qf5 13. e4 Qh5 14. d5 Rd8 15. Qe2 Nb4 16. a3 Na6 17. h3 Bd7 18. e5 Nc7 19. Rfd1 e6 20. d6 Nd5 21. Nxd5 exd5 22. Rxd5 Bc6 23. Rxc5 Rxd6 24. exd6 Qxc5 25. Bxg7 Kxg7 26. Rd1 Rd8 27. Qb2+ f6 28. b4 Qf5 29. Qe2 Re8 30. Nd4 Qd7 31. Qd2 Bd5 32. Nc2 Bb3 33. Qd3 Ba4 34. Rd2 Bc6 35. Ne3 Re5 36. Qd4 a6 37. Kh2 h5 38. Nc4 Rd5 39. Qxd5 Bxd5 40. Rxd5 Kf7 41. Nb6 Qd8 42. d7 Qc7+ 43. g3 Qxb6 1/2-1/2

[Event "1st SOA-GM Festival 2024"]
[Site "Bhubaneswar"]
[Date "2024.02.01"]
[Round "3.2"]
[White "Tahbaz, Arash"]
[Black "Laxman, R.R."]
[Result "1-0"]
[WhiteElo "2425"]
[BlackElo "2338"]
[PlyCount "48"]
[EventDate "2024.02.01"]
[EventType "swiss"]
[EventCountry "IND"]
[TimeControl "5400+30"]

1. d4 Nf6 2. Nf3 e6 3. Bf4 b6 4. e3 Bb7 5. h3 g6 6. c4 Bg7 7. Nc3 O-O 8. Bd3 d6 9. O-O Nc6 10. Rc1 Re8 11. c5 e5 12. dxe5 dxe5 13. Bg5 bxc5 14. Bxf6 Bxf6 15. Be4 Rb8 16. Qa4 Re6 17. Rfd1 Rd6 18. Rxd6 Qxd6 19. Rd1 Qe6 20. Bd5 Qe8 21. Ne4 Be7 22. Neg5 Bxg5 23. Nxg5 Qe7 24. Nxf7 Kf8 1-0

[Event "1st SOA-GM Festival 2024"]
[Site "Bhubaneswar"]
[Date "2024.02.01"]
[Round "3.4"]
[White "Audi Ameya"]
[Black "Nilssen, Ellen Fredericia"]
[Result "1-0"]
[WhiteElo "2385"]
[BlackElo "2184"]
[PlyCount "75"]
[EventDate "2024.02.01"]
[EventType "swiss"]
[EventCountry "IND"]
[TimeControl "5400+30"]

1. e4 c5 2. Nf3 d6 3. d4 cxd4 4. Nxd4 Nf6 5. Nc3 a6 6. Bd3 e5 7. Nde2 Be7 8. O-O O-O 9. Ng3 Be6 10. Nd5 Bxd5 11. exd5 g6 12. c4 Nbd7 13. Kh1 Nc5 14. f4 Nxd3 15. Qxd3 Nd7 16. f5 Nc5 17. Qf3 Bf6 18. Bh6 Bg7 19. Bxg7 Kxg7 20. f6+ Kh8 21. b4 Na4 22. Ne4 Rg8 23. Qe3 Rc8 24. Qh6 g5 25. Nxg5 Rxg5 26. Qxg5 Qg8 27. Qxg8+ Kxg8 28. Rac1 Kf8 29. g4 Ke8 30. Rf5 Nb2 31. Rh5 Nd3 32. Rc3 Nxb4 33. Rxh7 Rc5 34. g5 b5 35. Rh8+ Kd7 36. g6 Nxd5 37. cxd5 Rxc3 38. gxf7 1-0

[Event "1st SOA-GM Festival 2024"]
[Site "Bhubaneswar"]
[Date "2024.02.01"]
[Round "3.5"]
[White "Aakash Sharadchandra, Dalvi"]
[Black "Nguyen Van Huy"]
[Result "1/2-1/2"]
[WhiteElo "2180"]
[BlackElo "2364"]
[PlyCount "146"]
[EventDate "2024.02.01"]
[EventType "swiss"]
[EventCountry "IND"]
[TimeControl "5400+30"]

1. d4 Nf6 2. c4 e6 3. Nf3 d5 4. Nc3 Bb4 5. cxd5 exd5 6. Bg5 h6 7. Bh4 O-O 8. e3 Bf5 9. Be2 Nbd7 10. Qb3 Bxc3+ 11. Qxc3 c6 12. Nd2 Ne4 13. Bxd8 Nxc3 14. bxc3 Rfxd8 15. a4 Rac8 16. Nf1 c5 17. Kd2 Nf6 18. f3 Ne8 19. g4 Bg6 20. Ng3 Nd6 21. h4 Rc6 22. h5 Bh7 23. a5 Rdc8 24. Rhc1 f5 25. Bd3 fxg4 26. fxg4 Re8 27. Re1 Bxd3 28. Kxd3 Ne4 29. Nxe4 c4+ 30. Kd2 Rxe4 31. Rab1 b6 32. Rb5 Rd6 33. Rg1 bxa5 34. Rxa5 a6 35. Ke2 g6 36. Kf3 Rde6 37. Re1 Rf6+ 38. Kg3 gxh5 39. gxh5 Rf5 40. Rxa6 Rxh5 41. Kf2 Rf5+ 42. Ke2 Rg4 43. Rf1 Rg2+ 44. Ke1 Rh5 45. Rf2 Rh1+ 46. Ke2 Rg3 47. Rf1 Rh2+ 48. Rf2 Rh1 49. Rf1 Rxf1 50. Kxf1 Rxe3 51. Rxh6 Kf7 52. Rd6 Rf3+ 53. Ke2 Rf5 54. Ke3 Ke7 55. Rh6 Kd7 56. Ke2 Rf8 57. Ke3 Re8+ 58. Kf3 Re1 59. Kf4 Re4+ 60. Kf3 Re1 61. Kf4 Re7 62. Kf3 Rf7+ 63. Ke2 Rg7 64. Kf3 Rf7+ 65. Ke2 Rf5 66. Ke3 Rf1 67. Ke2 Rc1 68. Kd2 Rg1 69. Ke3 Rg4 70. Kf3 Re4 71. Kf2 Kc7 72. Kf3 Re1 73. Kf4 Kd7 1/2-1/2

[Event "1st SOA-GM Festival 2024"]
[Site "Bhubaneswar"]
[Date "2024.02.01"]
[Round "3.6"]
[White "Vignesh Advaith Vemula"]
[Black "Manish Anto Cristiano F"]
[Result "1-0"]
[WhiteElo "2028"]
[BlackElo "2349"]
[PlyCount "99"]
[EventDate "2024.02.01"]
[EventType "swiss"]
[EventCountry "IND"]
[TimeControl "5400+30"]

1. e4 c5 2. Nf3 d6 3. d4 cxd4 4. Nxd4 Nf6 5. Nc3 a6 6. Be3 e5 7. Nb3 Be7 8. f3 Be6 9. Qd2 h5 10. O-O-O Nbd7 11. Kb1 Rc8 12. Bd3 b5 13. h3 h4 14. f4 Qc7 15. Rhe1 O-O 16. g4 hxg3 17. Rg1 b4 18. Ne2 Nc5 19. Nxg3 Rfd8 20. Qg2 Nxd3 21. Nf5 g6 22. Bb6 Qxb6 23. Nxe7+ Kf8 24. Nxc8 Rxc8 25. cxd3 exf4 26. Qf3 Nh5 27. Rg5 a5 28. d4 a4 29. d5 axb3 30. dxe6 bxa2+ 31. Ka1 b3 32. Rxh5 gxh5 33. Qxf4 Rc7 34. Qh6+ Ke8 35. Qh8+ Ke7 36. exf7 Kxf7 37. Rf1+ Ke7 38. Qg7+ Ke6 39. Rf6+ Ke5 40. Rf7+ Kxe4 41. Rxc7 Qf2 42. Qe7+ Kd5 43. Rc1 Qg3 44. Qe2 Qxh3 45. Rd1+ Kc5 46. Qd2 Qg3 47. Qd5+ Kb6 48. Rc1 h4 49. Rc6+ Ka7 50. Qa5+ 1-0

[Event "1st SOA-GM Festival 2024"]
[Site "Bhubaneswar"]
[Date "2024.02.01"]
[Round "3.7"]
[White "Ghosh, Diptayan"]
[Black "Nithin Babu"]
[Result "1-0"]
[WhiteElo "2568"]
[BlackElo "2177"]
[PlyCount "143"]
[EventDate "2024.02.01"]
[EventType "swiss"]
[EventCountry "IND"]
[TimeControl "5400+30"]

1. Nf3 Nf6 2. g3 g6 3. Bg2 Bg7 4. d4 c5 5. O-O cxd4 6. Nxd4 h5 7. e4 Nc6 8. Nc3 Ng4 9. Nb3 d6 10. h3 Bxc3 11. bxc3 Nge5 12. Nd4 Qa5 13. Bd2 Nc4 14. Be1 e5 15. Nb3 Qc7 16. Qe2 Ne7 17. f4 Be6 18. a4 Rc8 19. a5 a6 20. Kh2 f6 21. fxe5 fxe5 22. Rf6 Bf7 23. Qf2 O-O 24. Rd1 Kg7 25. Rd3 Ng8 26. Rff3 Be6 27. Rxf8 Rxf8 28. Qe2 Ne7 29. Bd2 Nc6 30. Bc1 N6xa5 31. Nd2 Qb6 32. Nf3 Nc6 33. Ng5 Bg8 34. Rd5 N6a5 35. Bf3 Qa7 36. Rd1 Nc6 37. g4 hxg4 38. hxg4 b5 39. Kg3 Qe7 40. Qh2 Rf4 41. Nh3 g5 42. Nxf4 exf4+ 43. Kg2 N6e5 44. Rh1 Kf8 45. Be2 Qg7 46. Qg1 Qf7 47. Rh3 Bh7 48. Qd4 Kg8 49. Kf2 Bg6 50. Bxc4 bxc4 51. Qxd6 Nxg4+ 52. Ke1 Nf6 53. e5 Ne4 54. Qd8+ Qe8 55. Qd5+ Kg7 56. e6 Nf6 57. Qe5 Qe7 58. Rh2 Kg8 59. Qxg5 Qxe6+ 60. Re2 Ne4 61. Qd8+ Kf7 62. Bxf4 Qh3 63. Qd5+ Kg7 64. Be5+ Kf8 65. Bd6+ Kg7 66. Qd4+ Kg8 67. Qxc4+ Kg7 68. Qc7+ Bf7 69. Be5+ Nf6 70. Bxf6+ Kxf6 71. Rf2+ Kg5 72. Qf4+ 1-0